 Dungeon Crawl Stone Soup version 0.18-a0-455-gc7d4c65 (webtiles) character file.

96173 George the Champion of Chaos (level 15, -6/122 HPs)
             Began as a Demonspawn Fighter on Dec 1, 2015.
             Was the Champion of Makhleb.
             Mangled by an orc warrior
             ... wielding a +0 battleaxe
              (22 damage)
             ... while paralysed by an orc sorcerer
             ... on level 4 of the Orcish Mines.
             The game lasted 01:27:51 (27509 turns).

George the Champion of Chaos (Demonspawn Fighter)  Turns: 27509, Time: 01:27:52

Health: -6/122     AC: 34    Str: 14    XL:     15   Next: 68%
Magic:  26/26      EV:  2    Int: 11    God:    Makhleb [******]
Gold:   2709       SH:  0    Dex: 22    Spells: 0 memorised, 14 levels left

rFire  + + +     SeeInvis .     X - +0 demon blade of Uwkorup {freeze, rPois rF+ Str-3}
rCold  + . .     Clarity  .     n - +5 scale mail of Kireph Sosucw {rN+ rCorr Str-2 Dex+6}
rNeg   + . .     SustAt   +     c - +1 shield
rPois  +         Gourm    .     v - +2 hat
rElec  +         Spirit   .     r - +0 cloak {+Inv}
rCorr  +         Dsmss    .     T - +2 pair of gloves {rC+}
rMut   .         Stasis   .     g - +2 pair of boots
MR     ++...                    y - amulet of regeneration
Stlth  ++........               N - ring "Voun" {SustAt rElec rF+ Dex+4 Stlth+}
                                U - ring of protection from magic

@: paralysed, very resistant to hostile enchantments, unstealthy
A: horns 2, rough black scales 3, demonic guardian 2, fire resistance 1
a: Minor Destruction, Lesser Servant of Makhleb, Major Destruction, Greater
Servant of Makhleb, Renounce Religion, Evoke Invisibility


You were on level 4 of the Orcish Mines.
You worshipped Makhleb.
Makhleb was exalted by your worship.
You were not hungry.

You visited 4 branches of the dungeon, and saw 24 of its levels.
You also visited: Labyrinth, Ice Cave and Volcano.

You collected 2709 gold pieces.

Inventory:

Hand Weapons
 h - a +3 scimitar of flaming
 X - the +0 demon blade of Uwkorup (weapon) {freeze, rPois rF+ Str-3}
   (You acquired it on level 11 of the Dungeon)

   It has been specially enchanted to freeze those struck by it, causing extra
   injury to most foes and up to half again as much damage against particularly
   susceptible opponents.
   It can also slow down cold-blooded creatures.
   It affects your strength (-3).
   It protects you from fire.
   It protects you from poison.
Armour
 c - a +1 shield (worn)
 g - a +2 pair of boots (worn)
 i - a +0 fire dragon armour
 n - the +5 scale mail of Kireph Sosucw (worn) {rN+ rCorr Str-2 Dex+6}
   (You found it in a labyrinth)

   It affects your strength (-2).
   It affects your dexterity (+6).
   It protects you from negative energy.
   It protects you from acid and corrosion.
 r - a +0 cloak of invisibility (worn)
 t - a +4 chain mail of cold resistance
 v - a +2 hat (worn)
 T - a +2 pair of gloves of cold resistance (worn)
Rods
 Y - a +0 rod of clouds (12/12)
   (You found it on level 10 of the Dungeon)
Jewellery
 j - an uncursed ring of protection from cold
 m - an uncursed ring of protection from fire
 y - an amulet of regeneration (around neck)
 J - an uncursed amulet of clarity
 N - the ring "Voun" (right hand) {SustAt rElec rF+ Dex+4 Stlth+}
   (You found it in a labyrinth)

   [ring of sustain attributes]

   It sustains your strength, intelligence and dexterity.
   It affects your dexterity (+4).
   It protects you from fire.
   It insulates you from electricity.
   It makes you more stealthy.
 Q - an uncursed amulet of faith {unknown}
 U - a ring of protection from magic (left hand)
 Z - an uncursed ring of positive energy
Wands
 b - a wand of digging (12)
 o - a wand of teleportation (2)
 s - a wand of lightning (3)
 E - a wand of disintegration (10)
 F - a wand of fire (2)
Scrolls
 f - 8 scrolls of remove curse
 q - 4 scrolls of recharging
 u - a scroll of acquirement
 B - 4 scrolls of amnesia
 C - 2 scrolls of blinking
 D - a scroll of enchant weapon
 K - 6 scrolls of teleportation
 M - a scroll of summoning
 V - 2 scrolls of fog
 W - a scroll of enchant armour
Potions
 d - 3 potions of might
 l - 7 potions of curing
 x - 7 potions of flight
 G - 2 potions of invisibility
 H - a potion of haste {unknown}
 I - 6 potions of resistance
 P - 2 potions of berserk rage
 R - 3 potions of heal wounds
 S - 2 potions of agility
Books
 L - an Akashic Record

   Spells                             Type                      Level
   a - Dispersal                      Translocation                6
   b - Malign Gateway                 Summoning/Translocation      7
   c - Disjunction                    Translocation                8
   d - Controlled Blink               Translocation                8
Comestibles
 e - 7 bread rations
 p - 12 beef jerkies
 w - 6 fruits
 z - a chunk of flesh
 A - 11 meat rations
 O - 2 slices of pizza


   Skills:
 + Level 12.7 Fighting
 + Level 11.9 Long Blades
 + Level 11.5 Armour
 + Level 6.1 Dodging
 + Level 11.8 Shields
 + Level 15.3 Invocations


You had 14 spell levels left.
You didn't know any spells.

Dungeon Overview and Level Annotations

Branches:
Dungeon (11/15) Temple (1/1) D:4 Lair (8/8) D:8 Swamp (0/4) Lair:5 Snake (0/4) Lair:5 Slime (0/6) Lair:7 Orc (4/4) D:11 Elf (0/3) Orc:3 Orc:4

Altars:
Ashenzari
Cheibriados
Dithmenos
Elyvilon
Fedhas
Gozag
Kikubaaqudgha
Makhleb
Nemelex Xobeh
Okawaru
Qazlal
Ru
Sif Muna
Trog
Vehumet
Xom
Yredelemnul
Zin
The Shining One
Beogh
Jiyva

Shops:
Orc:3 %   Orc:4 **


Innate Abilities, Weirdness & Mutations

You have a pair of horns on your head.
You are completely covered in rough black scales (AC +10, Dex -3).
A demonic guardian rushes to your aid.
Your flesh is heat resistant.


Message History

You block the orc knight's attack.
You hit the orc warrior but do no damage.
The orc warrior is lightly wounded.
The orc warrior hits you with a battleaxe!
The orc sorcerer casts a spell at you.
You suddenly lose the ability to move!
The orc knight hits you with a broad axe.
The orc warrior hits you but does no damage.
The orc knight roars a battlecry!
The orc warrior goes into a battle-frenzy!
The orc knight hits you but does no damage.
The orc warrior hits you with a battleaxe!
The orc knight hits you with a broad axe.
* * * LOW HITPOINT WARNING * * *
The orc warrior hits you with a battleaxe!
* * * LOW HITPOINT WARNING * * *
The orc knight hits you with a broad axe.
* * * LOW HITPOINT WARNING * * *
The orc warrior hits you with a battleaxe!!
You die...

##.#...........##
###
#.............##
#
##......#...##..#
#
#......###..#####
##...######..##
##..###.###..##
#####)).###..##
##o#)#.###.)##
#.o@#.).###.)##
#..o###...###))##
#...##
##...###))##
#...##
##........##
#...#
##...#....##
#.#.#
##....#...##
#.... ##.....#.∩#
..... ##..#.....
#.....#.∩#


You could see an orc knight, an orc sorcerer and an orc warrior (frenzied).

Vanquished Creatures
  Azrael (Orc:3)
  Josephine (D:11)
  8 hydras
  Erica (D:11)
  Erolcha (Orc:1)
  A tengu warrior (D:11)
  7 death yaks (Lair:7)
  An orc high priest (Orc:4)
  Nergalle (Lair:2)
  A sun demon (Orc:4)
  2 hill giants (D:10)
  A putrid demonspawn (Orc:4)
  2 orc knights (Orc:4)
  5 griffons
  A necromancer (IceCv)
  A manticore (Lair:7)
  3 orc sorcerers
  14 elephants
  Maurice (Orc:3)
  An ice statue (IceCv)
  7 black mambas
  An orange demon (Orc:4)
  18 spiny frogs
  An ice devil (Orc:4)
  4 komodo dragons
  9 freezing wraiths (IceCv)
  3 fire drakes
  4 trolls
  8 polar bears
  A wolf spider simulacrum (IceCv)
  10 blink frogs
  A minotaur skeleton (Lab)
  A two-headed ogre (Volcano)
  2 trapdoor spiders (Lab)
  7 wyverns
  8 spriggans (Lair:8)
  A deep elf mage (D:11)
  A fire bat (Volcano)
  A redback (Lair:8)
  2 hungry ghosts
  44 yaks
  A chaos spawn (Orc:4)
  A deep elf fighter (Volcano)
  5 fire elementals
  10 hippogriffs
  A steam dragon (Lair:4)
  A mottled dragon (D:11)
  3 basilisks
  32 wolves
  4 wraiths
  4 wargs
  A soldier ant (D:11)
  9 water moccasins
  9 ice beasts
  30 orc warriors
  13 porcupines
  The ghost of Duffy the Ruffian, an amateur TrMo (D:3)
  A hell hound (Orc:4)
  8 ogres
  8 black bears
  2 centaurs
  5 sky beasts
  A wasp (Lair:8)
  5 phantoms
  4 big kobolds
  19 crocodiles
  27 giant frogs
  4 gnoll sergeants
  7 scorpions
  An elephant simulacrum (IceCv)
  8 killer bees
  A spriggan skeleton (Lab)
  9 wights
  3 draconian simulacra (IceCv)
  6 crimson imps
  A quasit (D:8)
  A centaur zombie (D:9)
  An electric eel (Orc:3)
  3 gnoll shamans
  3 jellies
  5 hounds
  26 orc wizards
  5 giant frog skeletons
  4 worker ants
  4 troll simulacra (IceCv)
  15 iguanas
  33 orc priests
  A hell rat (D:8)
  5 spriggan simulacra (IceCv)
  32 sheep
  2 wolf simulacra (IceCv)
  A centaur simulacrum (IceCv)
  An ogre skeleton (Lab)
  3 worker ant zombies
  A hound skeleton (D:6)
  46 gnolls
  4 naga simulacra (IceCv)
  55 river rats
  14 adders
  2 ogre simulacra (IceCv)
  24 white imps
  4 shadow imps
  2 oozes
  2 worms (D:2)
  10 giant geckos
  164 orcs
  5 giant cockroaches
  9 hobgoblins
  20 jackals
  20 kobolds
  3 quokkas
  2 ball pythons
  6 bats
  A giant gecko skeleton (D:8)
  5 giant newts
  7 goblins
  A jackal zombie (D:5)
  2 quokka zombies (D:5)
  34 rats
  2 fungi
  A plant (Lair:7)
1024 creatures vanquished.

Vanquished Creatures (collateral kills)
  A minotaur (Lab)
  Fannar (D:11)
  Harold (Lair:4)
  4 hydras
  7 death yaks (Lair:7)
  Sonja (D:11)
  2 orc knights
  A hill giant (D:11)
  A griffon (Lair:7)
  A sixfirhy (Orc:4)
  2 manticores (Lair:7)
  18 elephants
  2 black mambas (Lair:7)
  5 spiny frogs
  A gargoyle (D:11)
  A centaur skeleton (D:10)
  An orange demon (Orc:4)
  3 komodo dragons
  A spriggan druid (Lair:8)
  A tengu conjurer (D:11)
  2 polar bears (Lair:8)
  A freezing wraith (IceCv)
  5 blink frogs
  A wyvern (Lair:7)
  3 spriggans (Lair:8)
  19 yaks
  4 hippogriffs (Lair:7)
  3 basilisks
  7 wolves
  A porcupine (Lair:7)
  2 hell hounds
  A water moccasin (Lair:7)
  5 orc warriors
  A sky beast (D:10)
  A black bear (D:8)
  A crocodile (Lair:8)
  2 wasps (Lair:8)
  An ogre (D:11)
  A wight (D:10)
  A killer bee (D:7)
  An orc wizard (Orc:1)
  2 orc priests
  3 sheep (Lair:2)
  10 river rats
  8 orcs
  3 fungi (Lair:8)
144 creatures vanquished.

Vanquished Creatures (others)
  A hog (Volcano)
  A troll simulacrum (IceCv)
  2 bushes
  19 fungi
  8 plants
31 creatures vanquished.

Grand Total: 1199 creatures vanquished

Notes
Turn   | Place    | Note
--------------------------------------------------------------
     0 | D:1      | George the Demonspawn Fighter began the quest for the Orb.
     0 | D:1      | Reached XP level 1. HP: 18/18 MP: 1/1
   288 | D:1      | Gained mutation: You are partially covered in rough black scales (AC +4, Dex -1). [demonic ancestry]
   288 | D:1      | Reached XP level 2. HP: 24/24 MP: 2/2
   779 | D:2      | Gained mutation: You have a pair of small horns on your head. [demonic ancestry]
   779 | D:2      | Reached XP level 3. HP: 25/29 MP: 3/3
   836 | D:2      | Found a burning altar of Makhleb.
   879 | D:2      | Became a worshipper of Makhleb the Destroyer
  1041 | D:2      | Reached XP level 4. HP: 35/35 MP: 4/4
  1229 | D:3      | Noticed Duffy's ghost (amateur TrMo)
  1245 | D:3      | Killed Duffy's ghost
  1245 | D:3      | Reached skill level 1 in Invocations
  1245 | D:3      | Gained mutation: Your flesh is heat resistant. [demonic ancestry]
  1245 | D:3      | Reached XP level 5. HP: 14/41 MP: 4/6
  1498 | D:3      | Reached * piety under Makhleb
  2217 | D:4      | Reached ** piety under Makhleb
  2217 | D:4      | Reached skill level 4 in Long Blades
  2217 | D:4      | Reached XP level 6. HP: 48/48 MP: 7/7
  2269 | D:4      | Found a glowing silver altar of Zin.
  3002 | D:4      | Reached XP level 7. HP: 43/54 MP: 9/9
  3115 | D:4      | Reached *** piety under Makhleb
  3194 | D:4      | Found a sparkling altar of Nemelex Xobeh.
  3381 | D:4      | Found a staircase to the Ecumenical Temple.
  3391 | Temple   | Entered the Ecumenical Temple
  3823 | D:4      | Noticed a cyclops
  4066 | D:5      | Entered Level 5 of the Dungeon
  4068 | D:5      | Reached **** piety under Makhleb
  4146 | D:5      | Reached skill level 5 in Fighting
  4249 | D:5      | Reached XP level 8. HP: 62/62 MP: 11/11
  4667 | D:5      | Reached skill level 5 in Invocations
  4836 | D:5      | Found a shattered altar of Ashenzari.
  4855 | D:5      | Reached skill level 5 in Long Blades
  4999 | D:6      | Found an iron altar of Okawaru.
  5000 | D:6      | Found an opulent altar of Gozag.
  5185 | D:6      | Reached skill level 5 in Armour
  5617 | D:6      | Reached skill level 5 in Shields
  5743 | D:6      | Reached skill level 6 in Fighting
  6072 | D:7      | Found a sacrificial altar of Ru.
  6084 | D:7      | Found a stormy altar of Qazlal.
  6146 | D:7      | Gained mutation: A weak demonic guardian rushes to your aid. [demonic ancestry]
  6146 | D:7      | Reached XP level 9. HP: 25/69 MP: 13/13
  6760 | D:7      | Reached ***** piety under Makhleb
  6776 | D:7      | Found a sacrificial altar of Ru.
  6776 | D:7      | Found a bloodstained altar of Trog.
  6777 | D:7      | Found a basalt altar of Yredelemnul.
  6916 | D:7      | Reached skill level 7 in Invocations
  7127 | D:8      | Found a staircase to the Lair.
  8905 | D:9      | Reached skill level 8 in Invocations
  8972 | D:9      | Got a scorched ring mail
  8996 | D:9      | Identified the +2 ring mail "Jomi Fai" {+Inv Dex-2 Stlth+} (You found it on level 9 of the Dungeon)
  9095 | D:9      | Found a shimmering altar of Xom.
  9341 | D:9      | Gained mutation: A demonic guardian rushes to your aid. [demonic ancestry]
  9341 | D:9      | Reached XP level 10. HP: 79/79 MP: 16/16
  9650 | D:9      | Found a glowing golden altar of the Shining One.
  9903 | D:9      | Reached ****** piety under Makhleb
  9920 | D:10     | Entered Level 10 of the Dungeon
 10375 | D:10     | Noticed a hill giant
 10395 | D:10     | Killed a hill giant
 10697 | D:10     | HP: 2/80 [troll (6)]
 10933 | D:10     | Reached skill level 9 in Invocations
 10936 | D:10     | Identified a +0 rod of clouds (12/12) (You found it on level 10 of the Dungeon)
 11067 | D:10     | Noticed a hill giant
 11077 | D:10     | Killed a hill giant
 11534 | D:11     | Noticed Sonja
 11543 | D:11     | Killed Sonja
 11616 | D:11     | Found a labyrinth entrance.
 11624 | D:11     | Gained mutation: You have a pair of horns on your head. [demonic ancestry]
 11624 | D:11     | Reached XP level 11. HP: 45/87 MP: 18/18
 11672 | Lab      | Entered a labyrinth
 13819 | Lab      | Noticed a minotaur
 13824 | Lab      | Killed a minotaur
 13824 | Lab      | Reached skill level 10 in Invocations
 13832 | Lab      | Got a warped brass ring
 13833 | Lab      | Got a ruby-encrusted scale mail
 13852 | D:11     | Identified the ring "Voun" {SustAt rElec rF+ Dex+4 Stlth+} (You found it in a labyrinth)
 13898 | D:11     | Identified the +5 scale mail of Kireph Sosucw {rN+ rCorr Str-2 Dex+6} (You found it in a labyrinth)
 13906 | D:11     | Identified a scroll of acquirement
 13907 | D:11     | Got a brightly glowing demon blade
 13909 | D:11     | Identified the +0 demon blade of Uwkorup {freeze, rPois rF+ Str-3} (You acquired it on level 11 of the Dungeon)
 13930 | D:11     | Found a staircase to the Orcish Mines.
 14375 | D:11     | Noticed Josephine
 14385 | D:11     | Killed Josephine
 14417 | D:11     | Found a bloodstained altar of Trog.
 14417 | D:11     | Noticed Erica
 14422 | D:11     | Killed Erica
 14439 | D:11     | Noticed Fannar
 14446 | D:11     | Killed Fannar
 14464 | D:11     | Noticed a tengu warrior
 14562 | D:11     | Killed a tengu warrior
 14580 | D:11     | Noticed a hill giant
 14584 | D:11     | Killed a hill giant
 14584 | D:11     | Reached skill level 11 in Invocations
 15006 | Lair:1   | Entered Level 1 of the Lair of Beasts
 15010 | Lair:1   | Reached XP level 12. HP: 96/96 MP: 20/20
 15211 | Lair:1   | Found a shattered altar of Ashenzari.
 15876 | Lair:2   | Noticed Nergalle
 15894 | Lair:2   | Noticed a five-headed hydra
 15910 | Lair:2   | Killed a one-headed hydra
 15924 | Lair:2   | Killed Nergalle
 16283 | Lair:2   | Reached skill level 10 in Fighting
 16822 | Lair:3   | Noticed a six-headed hydra
 16830 | Lair:3   | Killed a one-headed hydra
 16830 | Lair:3   | Reached skill level 12 in Invocations
 16848 | Lair:3   | Found a dark tunnel.
 16855 | Volcano  | Entered a volcano
 17406 | Lair:3   | Noticed a six-headed hydra
 17412 | Lair:3   | Killed a six-headed hydra
 17517 | Lair:3   | Noticed a seven-headed hydra
 17523 | Lair:3   | Killed a five-headed hydra
 17523 | Lair:3   | Gained mutation: You are mostly covered in rough black scales (AC +7, Dex -2). [demonic ancestry]
 17523 | Lair:3   | Reached XP level 13. HP: 66/104 MP: 22/22
 18546 | Lair:4   | Reached skill level 10 in Long Blades
 18546 | Lair:4   | Reached skill level 10 in Shields
 18674 | Lair:4   | Noticed Harold
 18686 | Lair:4   | Killed Harold
 18938 | Lair:5   | Found a staircase to the Snake Pit.
 19123 | Lair:5   | Found a staircase to the Swamp.
 19212 | Lair:5   | Reached skill level 13 in Invocations
 19382 | Lair:5   | Reached skill level 10 in Armour
 21180 | Lair:7   | Reached skill level 1 in Dodging
 21180 | Lair:7   | Gained mutation: You are completely covered in rough black scales (AC +10, Dex -3). [demonic ancestry]
 21180 | Lair:7   | Reached XP level 14. HP: 111/113 MP: 24/24
 21478 | Lair:7   | Reached skill level 14 in Invocations
 22040 | Lair:7   | Found a viscous altar of Jiyva.
 22048 | Lair:7   | Found a staircase to the Slime Pits.
 22120 | Lair:8   | Entered Level 8 of the Lair of Beasts
 22255 | Lair:8   | Found a shimmering altar of Xom.
 22440 | Lair:8   | Found a frozen archway.
 22474 | IceCv    | Entered an ice cave
 22661 | IceCv    | Found an ancient bone altar of Kikubaaqudgha.
 22849 | IceCv    | Reached XP level 15. HP: 120/120 MP: 25/25
 23637 | Lair:8   | Reached skill level 5 in Dodging
 24557 | Orc:1    | Entered Level 1 of the Orcish Mines
 24641 | Orc:1    | Found a roughly hewn altar of Beogh.
 24749 | Orc:1    | Noticed Erolcha
 24775 | Orc:1    | Killed Erolcha
 24775 | Orc:1    | Reached skill level 15 in Invocations
 25996 | Orc:4    | Entered Level 4 of the Orcish Mines
 26037 | Orc:3    | Noticed Maurice
 26063 | Orc:3    | Killed Maurice
 26107 | Orc:3    | Found a roughly hewn altar of Beogh.
 26564 | Orc:3    | Found Nyaciurr's Food Shoppe.
 26872 | Orc:4    | Found a staircase to the Elven Halls.
 26872 | Orc:4    | Noticed Azrael
 26897 | Orc:3    | Killed Azrael
 27234 | Orc:4    | Found Visubone's General Store.
 27241 | Orc:4    | Found Muafutu's General Store.
 27504 | Orc:4    | Paralysed by an orc sorcerer for 6 turns
 27509 | Orc:4    | Mangled by an orc warrior

Vault maps used:
D:1:      tarquinn_simple_flora_water_f, hangedman_glass_teeth,
          minmay_gold_behind_fungi
D:2:      old_standard_altar, first_bread
D:4:      lemuel_castle_with_subvaults, zin_academy,
          nemelex_xobeh_ov_fountains_minmay, lemuel_temple_firewalk_marked
D:5:      lemuel_coloured_pillars_altar
D:6:      grunt_temple_overflow_open
D:7:      gammafunk_temple_overflow_claw, grunt_qazlal_clouds,
          minmay_item_behind_shaft, grunt_ogre_cave, hangedman_ru_absence
D:8:      lemuel_ratsnest, lair_0_dummy, minivault_22
D:9:      tso_altar, basic_altar
D:11:     kennysheep_orc_monster_closet_entryway, lab_entry_generic,
          bloody_trog, uniq_fannar, uniq_erica, uniq_josephine, uniq_sonja
Temple:   zaba_magenta_temple_8
Lair:1:   basic_altar
Lair:2:   beast_lair_carwin_4, uniq_nergalle
Lair:3:   nicolae_volcano_entry_s_turn, beast_lair_carwin_7
Lair:4:   infiniplex_staircase_pool_2, grunt_megastairs_2, uniq_harold
Lair:5:   swamp_mist_pool, dummy_snake_entry, beast_lair_carwin_2,
          serial_bayou_shore_b
Lair:7:   dpeg_slime_entry_enclosed_altar, special_room
Lair:8:   minmay_lair_end_enchanted_forest, basic_altar,
          portal_ice_cave_entry_imps, st_stairs_13
Orc:1:    basic_altar, nicolae_orc_tapped_out, uniq_erolcha
Orc:3:    serial_shops, nicolae_shop_waterfront, nicolae_orc_pool_cavern,
          minmay_orc_temple_a, uniq_maurice
Orc:4:    pf_orc_diabolical, uniq_azrael
Lab:      nicolae_lab_starburst, nicolae_lab_quarters, nicolae_lab_x,
          nicolae_lab_swirl, labyrinth_skeletal_remains
IceCv:    ice_cave_small_necro
Volcano:  volcano_village

Action                   |  1- 3 |  4- 6 |  7- 9 | 10-12 | 13-15 || total
-------------------------+-------+-------+-------+-------+-------++-------
Melee: Long sword        |   148 |   294 |   864 |   458 |       ||  1764
       Demon blade       |       |       |       |   734 |  1802 ||  2536
       Scimitar          |       |       |       |    18 |   329 ||   347
Evoke: Wand              |       |       |     1 |     1 |       ||     2
  Use: Scroll            |       |       |    18 |     7 |    10 ||    35
       Potion            |       |       |       |     1 |       ||     1
 Stab: Confused          |       |       |       |     1 |       ||     1
       Distracted        |       |       |       |     4 |     6 ||    10
       Sleeping          |       |       |       |     4 |     7 ||    11
  Eat: Chunk             |     1 |     7 |    24 |    23 |    35 ||    90
       Pizza             |       |       |       |     3 |       ||     3
       Bread ration      |       |       |       |     1 |       ||     1
